 Dungeon Crawl Stone Soup version 0.30-a0-632-g346586fe48 (webtiles) character file.

Game seed: 1352001771637608649

5717 voltaire321 the Charlatan (level 10, -6/76 HPs)
             Began as a Demonspawn Artificer on Jan 13, 2023.
             Was an Elder of Makhleb.
             Mangled by a sixfirhy (7 damage)
             ... summoned by a kobold demonologist
             ... on level 9 of the Dungeon.
             The game lasted 00:25:49 (8818 turns).

voltaire321 the Charlatan (Demonspawn Artificer)    Turns: 8818, Time: 00:25:49

Health: -6/76      AC: 16    Str: 21    XL:     10   Next: 48%
Magic:  0/15       EV: 12    Int: 15    God:    Makhleb [****..]
Gold:   411        SH:  5    Dex: 15    Spells: 9/9 levels left

rFire   . . .      SeeInvis .    L - +3 trident "Grim" {venom, Int+2}
rCold   + . .      Faith    .    j - +0 buckler
rNeg    + . .      Spirit   +    m - +2 scale mail {rN+}
rPois   .          Reflect  .    o - +1 helmet
rElec   .          Harm     .    r - +0 cloak
rCorr   .          Rampage  .    z - +0 pair of gloves
Will    .....                    (no boots) Stlth
                                 k - amulet of guardian spirit
HPRegen 0.32/turn                u - ring of protection from cold
MPRegen 0.14/turn                s - +6 ring of strength

@: mighty
A: claws 1, thin metallic scales 1, demonic guardian 2, foul stench 2
a: Renounce Religion, Minor Destruction, Lesser Servant of Makhleb, Major
Destruction


You were on level 9 of the Dungeon.
You worshipped Makhleb.
Makhleb was greatly pleased with you.
You visited 1 branch of the dungeon, and saw 9 of its levels.

You collected 411 gold pieces.

Inventory:

Hand Weapons
 g - a +1 dagger of freezing
 h - a +1 dagger of venom
 p - a +0 long sword
 L - the +3 trident "Grim" (weapon) {venom, Int+2}
   (You found it on level 7 of the Dungeon)

   Int:       It affects your intelligence (+2).
Missiles
 a - 2 throwing nets
 w - 33 poisoned darts (quivered)
 y - 6 boomerangs
 R - a curare-tipped dart
Armour
 j - a +0 buckler (worn)
 m - a +2 scale mail of positive energy (worn)
 o - a +1 helmet (worn)
 r - a +0 cloak (worn)
 z - a +0 pair of gloves (worn)
Jewellery
 k - an amulet of guardian spirit (around neck)
 s - a +6 ring of strength (right hand)
 u - a ring of protection from cold (left hand)
 B - a ring of resist corrosion
Wands
 c - a wand of flame (15)
 d - a wand of charming (44)
 e - a wand of iceblast (10)
 A - a wand of quicksilver (27)
 D - a wand of mindburst (13)
 K - a wand of digging (1)
Scrolls
 b - 5 scrolls of enchant weapon {unknown}
 f - a scroll of vulnerability {unknown}
 i - 4 scrolls of poison {unknown}
 l - 8 scrolls of identify {unknown}
 q - 2 scrolls of fog {unknown}
 v - 5 scrolls of teleportation {unknown}
 C - a scroll of torment {unknown}
 H - a scroll of fear {unknown}
 M - a scroll of silence {unknown}
 O - 3 scrolls of noise {unknown}
 S - a scroll of magic mapping {unknown}
Potions
 n - 3 potions of might
 t - a potion of flight {unknown}
 x - a potion of berserk rage {unknown}
 E - a potion of curing
 F - a potion of lignification {unknown}
 G - 3 potions of haste {unknown}
 I - a potion of degeneration {unknown}
 J - a potion of invisibility {unknown}
 N - a potion of resistance {unknown}
 P - a potion of attraction {unknown}
Miscellaneous
 Q - a phial of floods


   Skills:
 + Level 6.1 Fighting
 * Level 5.3 Polearms
 - Level 1.0 Throwing
 + Level 5.7 Armour
 + Level 5.4 Dodging
 - Level 1.0 Stealth
 - Level 5.0 Shields
 + Level 6.9 Invocations
 + Level 7.0 Evocations


You had 9 spell levels left.
You didn't know any spells.
Your spell library contained the following spells:

 Spells                   Type           Power      Damage    Failure   Level
 Freeze                   Ice            0%         1d3       65%         1
 Static Discharge         Conj/Air       0%         2-2/arc   80%         2
 Frozen Ramparts          Ice            0%         1d1       95%         3
 Hailstorm                Conj/Ice       0%         3d3       95%         3
 Vhi's Electric Charge    Tloc/Air       0%         N/A       95%         3
 Manifold Assault         Tloc           0%         N/A       100%        4
 Arcjolt                  Conj/Air       0%         1d10      100%        5
 Blade Hands              Tmut           0%         N/A       100%        5
 Irradiate                Conj/Tmut      0%         3d11      100%        5
 Lightning Bolt           Conj/Air       0%         1d11      100%        5
 Dispersal                Tloc           0%         N/A       100%        6
 Dragon Form              Tmut           0%         N/A       100%        7
 Disjunction              Tloc           0%         N/A       100%        8


Dungeon Overview and Level Annotations

Branches:
Dungeon (9/15)             Temple (0/1) D:5            Lair (0/5) D:8
    Orc: D:9-12

Altars:
Ashenzari
Dithmenos
Fedhas
Gozag
Kikubaaqudgha
Makhleb
Nemelex Xobeh
Okawaru
Qazlal
Ru
Uskayaw
Wu Jian

Shops:
D:7 (


Innate Abilities, Weirdness & Mutations

You have sharp fingernails.
You are partially covered in thin metallic scales. (AC +2)
A demonic guardian rushes to your aid.
You sometimes emit foul miasma when damaged in melee.


Message History

The sixfirhy barely misses you. The bullfrog barely misses you.
The kobold demonologist mumbles some strange words.
The sixfirhy attacks as you move away! The sixfirhy hits you.
The sixfirhy shocks you! You block the bullfrog's attack.
A killer bee comes into view.
The killer bee buzzes angrily.
A killer bee comes into view.
The sixfirhy hits you but does no damage. x2
The sixfirhy closely misses you.
The bullfrog hits you but does no damage.
The sixfirhy closely misses you.
A killer bee comes into view. x2
The killer bee closely misses you. The bullfrog barely misses you.
The killer bee buzzes angrily.
You hear an angry buzzing noise. x3
The bullfrog snags a nearby blue-tailed skink with its tongue.
The sixfirhy attacks as you move away!
The sixfirhy hits you but does no damage.
You block the sixfirhy's attack. The sixfirhy closely misses you.
The sixfirhy hits you! The sixfirhy shocks you!
The killer bee stings you but does no damage.
You block the killer bee's attack.
The red devil disappears in a puff of smoke!
The bullfrog misses you. The sixfirhy attacks as you move away!
You block the sixfirhy's attack. The sixfirhy closely misses you.
The sixfirhy hits you but does no damage.
The sixfirhy hits you!
* * * LOW HITPOINT WARNING * * *
The sixfirhy shocks you!
* * * LOW HITPOINT WARNING * * *
A demonic guardian appears!
A killer bee comes into view.
It was a potion of might.
You feel very mighty all of a sudden. The sixfirhy hits you.
* * * LOW HITPOINT WARNING * * *
The sixfirhy shocks you!
* * * LOW HITPOINT WARNING * * *
The sixfirhy hits you!
You die...

..4.K.4.............+ ... #
#K###..###......#... ##..# #
..###..###.y...##.# ###..### ##
#..###..#.........#####....#.###)
K..###.......K..................)
K.........#.#y4y.................
5..#.....###...y.3...............
...#......#..###3F##...........#.
...#.........##.@#####.........##
.....y....y.###.#### #....####...
#........#..###....####..##......
#.......##...............##......
........#...##...#.##..#.........
.. ....##(....##.##..#......
..........#...#..#......
#......#..............
#.............##...#..


You could see a kobold demonologist, a sixfirhy (summoned), a red devil
(summoned), a bullfrog (ally target), 3 killer bees and a friendly sixfirhy
(summoned).

Vanquished Creatures
  A troll (D:9)
  3 wyverns
  3 yaks (D:8)
  4 fire bats (D:8)
  A steam dragon (D:8)
  A basilisk (D:8)
  An acid dragon (D:8)
  6 water moccasins
  A hell hound (D:8)
  2 black bears
  An ice beast (D:8)
  An orc warrior (D:8)
  3 centaurs
  A phantom (D:5)
  A kobold brigand (D:9)
  2 bullfrogs
  4 scorpions
  2 necrophages
  4 wights (D:7)
  4 killer bees (D:8)
  A vampire bat (D:3)
  A lava snake (D:8)
  4 jellies
  4 hounds
  2 orc priests
  A gnoll bouda (D:5)
  5 iguanas
  2 orc wizards
  Robin (D:3)
  7 gnolls
  5 adders
  2 white imps (D:7)
  An ufetubus (D:7)
  3 worms
  4 dart slugs
  44 orcs
  10 ball pythons
  7 bat zombies (D:3)
  8 endoplasms
  5 giant cockroaches
  13 goblins
  8 hobgoblins
  4 jackals
  6 quokkas
  7 bats
  13 frilled lizards
  16 kobolds
  10 rats
  A fire vortex (D:8)
241 creatures vanquished.

Vanquished Creatures (collateral kills)
  2 yaks (D:8)
  A lava snake (D:8)
  An iguana (D:8)
  An orc priest (D:4)
  Terence (D:2)
  An orc wizard (D:2)
  2 adders
  5 orcs
  2 goblins (D:3)
  A hobgoblin (D:3)
  A jackal (D:2)
  A quokka (D:4)
19 creatures vanquished.

Vanquished Creatures (others)
  2 goblins (D:3)
  2 bushes (D:8)
  2 fire vortices (D:8)
  6 fungi (D:8)
  24 plants
36 creatures vanquished.

Grand Total: 296 creatures vanquished

Notes
Turn   | Place    | Note
-------+----------+-------------------------------------------
     0 | D:1      | voltaire321 the Demonspawn Artificer began the quest for
                  | the Orb.
     0 | D:1      | Reached XP level 1. HP: 15/15 MP: 1/1
    95 | D:1      | Reached skill level 1 in Dodging
    95 | D:1      | Reached skill level 1 in Stealth
   247 | D:1      | Gained mutation: You may rarely emit foul miasma when
                  | damaged in melee. [demonic ancestry]
   247 | D:1      | Reached XP level 2. HP: 20/21 MP: 2/2
   878 | D:1      | Gained mutation: A weak demonic guardian rushes to your
                  | aid. [demonic ancestry]
   878 | D:1      | Reached XP level 3. HP: 26/27 MP: 3/3
  1178 | D:2      | Noticed Terence
  1205 | D:2      | Killed Terence
  1206 | D:2      | Gained mutation: A demonic guardian rushes to your aid.
                  | [demonic ancestry]
  1206 | D:2      | Reached XP level 4. HP: 4/33 MP: 4/4
  1832 | D:2      | Found a faded altar of an unknown god.
  2202 | D:3      | Found a sacrificial altar of Ru.
  2205 | D:3      | Gained mutation: You have sharp fingernails. [demonic
                  | ancestry]
  2205 | D:3      | Reached XP level 5. HP: 34/39 MP: 5/5
  2229 | D:3      | Found a shadowy altar of Dithmenos.
  2229 | D:3      | Found a stormy altar of Qazlal.
  2230 | D:3      | Found a burning altar of Makhleb.
  2247 | D:3      | Became a worshipper of Makhleb the Destroyer
  2315 | D:3      | Reached skill level 1 in Shields
  2371 | D:3      | Noticed Robin
  2436 | D:3      | Killed Robin
  2534 | D:3      | Reached skill level 4 in Evocations
  2621 | D:3      | Found a broken altar of Ashenzari.
  2751 | D:3      | Reached * piety under Makhleb
  3131 | D:3      | Reached skill level 1 in Invocations
  3157 | D:3      | Found an ancient bone altar of Kikubaaqudgha.
  3190 | D:3      | Gained mutation: You are partially covered in thin metallic
                  | scales. (AC +2) [demonic ancestry]
  3190 | D:3      | Reached XP level 6. HP: 46/46 MP: 6/6
  3700 | D:4      | Gained mutation: You sometimes emit foul miasma when
                  | damaged in melee. [demonic ancestry]
  3700 | D:4      | Reached XP level 7. HP: 52/52 MP: 8/8
  3803 | D:4      | Found a hide-covered altar of Uskayaw.
  3807 | D:4      | Reached ** piety under Makhleb
  5082 | D:5      | Entered Level 5 of the Dungeon
  5082 | D:5      | Found a blossoming altar of Fedhas.
  5082 | D:5      | Found a sparkling altar of Nemelex Xobeh.
  5099 | D:5      | Reached skill level 1 in Throwing
  5476 | D:5      | Reached skill level 5 in Evocations
  5476 | D:5      | Reached XP level 8. HP: 49/60 MP: 8/10
  5735 | D:5      | Found a staircase to the Ecumenical Temple.
  5829 | D:5      | Found an iron altar of Okawaru.
  6606 | D:6      | Found an opulent altar of Gozag.
  6614 | D:6      | Reached *** piety under Makhleb
  6782 | D:7      | Identified the +3 trident "Grim" {venom, Int+2}
  6869 | D:7      | Reached skill level 1 in Polearms
  7029 | D:7      | Found Atra's Weapon Boutique.
  7150 | D:7      | Found the +7 great mace "Undeadhunter" {deathbane, rN+}
  7222 | D:7      | Identified the +1 flail of the Eggplant {pain, Fragile
                  | rElec rC+ Will+}
  7227 | D:7      | Reached XP level 9. HP: 66/67 MP: 10/12
  7234 | D:7      | Reached skill level 5 in Invocations
  7357 | D:7      | Found an ornate altar of the Wu Jian Council.
  7530 | D:8      | Reached skill level 5 in Fighting
  7541 | D:8      | Reached **** piety under Makhleb
  7711 | D:8      | Reached skill level 6 in Evocations
  7750 | D:8      | Reached skill level 5 in Armour
  7795 | D:8      | Reached skill level 5 in Dodging
  7808 | D:8      | Reached XP level 10. HP: 31/76 MP: 8/14
  7968 | D:8      | Found a staircase to the Lair.
  8259 | D:8      | Reached skill level 5 in Polearms
  8781 | D:9      | Noticed an orange demon
  8783 | D:9      | Noticed a sun demon
  8801 | D:9      | Reached skill level 5 in Shields
  8801 | D:9      | Reached skill level 7 in Evocations
  8804 | D:9      | Noticed a sixfirhy
  8818 | D:9      | HP: 1/76 [sixfirhy[a kobold demonologist] (8)]
  8818 | D:9      | Mangled by a sixfirhy

Illustrated notes

Levels and vault maps discovered:
D:1:      lightli_arrival_statuegarden, layout_basic
D:2:      minmay_diamond_boxcup, layout_basic,
          shapermc_ecumenical_altar_mp_highgroup, uniq_terence
D:3:      layout_basic, kennysheep_vampire_church, mainiacjoe_overflow_paths,
          minitemple, uniq_robin
D:4:      wad_woods_stonehenge, layout_layer_cave
D:5:      layout_loops_ring, kennysheep_mini_moat, grunt_temple_overflow_open,
          minmay_temple_entry_antechambers, minmay_lizard_king
D:6:      layout_basic, nicolae_gozag_seed_capital
D:7:      layout_gridville, nzn_wu_jian_contemplation, serial_shops,
          nicolae_shop_bloodbath_and_beyond
D:8:      layout_loops_ring, mainiacjoe_overflow_chevrons,
          minmay_lair_entry_grove, special_room [special_room_orc],
          hangedman_incinerator
D:9:      layout_cave_pools, gammafunk_temple_overflow_wave,
          nicolae_island_escapes

Skill      XL: |  1  2  3  4  5  6  7  8  9 10 |
---------------+-------------------------------+-----
Dodging        | 1 2 3 4 5 |  5.4
Stealth        | 1 |  1.0
Armour         | 2 3 4 5 |  5.7
Fighting       | 2 3 4 5 6 |  6.1
Shields        | 1 2 3 4 5 |  5.0
Evocations     | 4 5 6 7 |  7.0
Invocations    | 1 2 3 4 6 |  6.9
Throwing       | 1 |  1.0
Polearms       | 2 4 5 |  5.3

Action                   |  1- 3 |  4- 6 |  7- 9 | 10-12 || total
-------------------------+-------+-------+-------+-------++-------
Melee: Whip              |    41 |       |       |       ||    41
       Club              |     8 |       |       |       ||     8
       Punch             |     1 |       |       |       ||     1
       Short sword       |    62 |    33 |       |       ||    95
       Dagger            |    24 |   240 |   282 |       ||   546
       Trident           |       |       |   198 |   102 ||   300
Throw: Dart              |       |     3 |     5 |       ||     8
Evoke: Wand              |       |       |     1 |       ||     1
  Use: Potion            |       |     1 |       |     1 ||     2
 Stab: Sleeping          |     2 |       |       |       ||     2
       Distracted        |       |     1 |     1 |       ||     2
Armor: Leather armour    |    28 |       |       |       ||    28
       Scale mail        |       |   203 |   247 |    74 ||   524
Dodge: Dodged            |    88 |   151 |   243 |    95 ||   577
Block: Buckler           |     9 |    63 |   109 |    44 ||   225

Table legend: (Time is in decaauts)
 A = Elapsed time spent in this place.
 B = Non-inter-level travel time spent in this place.
 C = Inter-level travel time spent in this place.
 D = Time resting spent in this place.
 E = Time spent auto-exploring this place.
 F = Levels seen in this place.
 G = Mean time per level.
                   A        B        C        D        E       F      G
               +--------+--------+--------+--------+--------+-----+--------+
         Total |   8903 |   8560 |    343 |    779 |   5460 |   9 |  989.2 |
       Dungeon |   8903 |   8560 |    343 |    779 |   5460 |   9 |  989.2 |
               +--------+--------+--------+--------+--------+-----+--------+

Top non-repeatable levels by time:
     D:4: 1570 daAuts
     D:3: 1423 daAuts
     D:8: 1215 daAuts
     D:2: 1175 daAuts
     D:5: 989 daAuts
     D:1: 936 daAuts
     D:7: 724 daAuts
     D:6: 667 daAuts
     D:9: 201 daAuts
